AoeStats
← web

Arena

506752822Analyzed
1v1 RM · 17d ago on Sep 15, 2026· 44m 39s· 2 players
Game mode
Random Map
Map size
Tiny (2 player)
Population
200
Speed
Normal
Resources
Standard
Victory
Conquest
Starting age
Dark Age
Ending age
Imperial Age
RankedLock teamsTeams togetherTeam positionsShared explorationLock speedFull tech treeHidden civsTurbo modeCheats
Victory
Defeat
🇮🇳 Teutons · India
1411
+16
🇺🇸 Khmer · United States
1403
-16
web
4:25 Loom
11:18 Feudal Age
11:31 Loom
17:13 Castle Age
16:17 Double-Bit Axe
28:04 Bow Saw
33:51 Scale Barding Armor
38:58 Imperial Age
TendedBowl5467
3:41 Loom
9:48 Feudal Age
11:00 Double-Bit Axe
11:31 Fletching
14:51 Town Watch
22:36 Castle Age
20:52 Horse Collar
23:17 Bodkin Arrow
24:01 Guard Tower
25:32 Heavy Plow
25:44 Bow Saw
28:01 Wheelbarrow
32:24 Gold Mining
32:45 Stone Mining
35:54 Hand Cart
39:28 Imperial Age
37:40 Scale Mail Armor
38:29 Forging
40:13 Stone Shaft Mining
40:17 Iron Casting
39:57 Chain Mail Armor
39:53 Masonry
41:12 Capped Ram
43:50 Keep
43:21 Siege Engineers
43:04 Arrowslits
45:12 Two-Man Saw
44:44 Crop Rotation
44:54 Squires
45:37 Plate Mail Armor
Connection lost

Rejoining the realm…

Still unreachable

The connection could not be restored.

Session expired

The server has moved on; the page needs a fresh start.